AoeStats
← aDT_The Night Panda

Coastal Forest

503099742Analyzed
2v2 RM · 1mo ago on Aug 30, 2026· 20m 41s· 4 players
Game mode
Random Map
Map size
Medium (4 player)
Population
200
Speed
Normal
Resources
Standard
Victory
Conquest
Starting age
Dark Age
Ending age
Imperial Age
RankedLock teamsTeams togetherTeam positionsShared explorationLock speedFull tech treeHidden civsTurbo modeCheats
Victory
Defeat
🇩🇰 Mongols · Denmark
1674
+6
🇩🇰 Persians · Denmark
1307
+21
🇨🇳 Spanish · China
1436
-14
🇩🇪 Malay · Germany
1408
-12
Mr.Robin
8:33 Loom
10:18 Feudal Age
15:09 Castle Age
13:43 Double-Bit Axe
16:07 Padded Archer Armor
16:22 Bow Saw
A.H.
1:59 Loom
10:21 Feudal Age
10:36 Double-Bit Axe
DK | murphelele
3:26 Loom
9:18 Feudal Age
11:02 Double-Bit Axe
16:41 Scale Barding Armor
16:46 Forging
17:49 Bloodlines
21:07 Castle Age
20:20 Wheelbarrow
20:49 Bloodlines
20:33 Gold Mining
20:27 Horse Collar
aDT_The Night Panda
9:38 Feudal Age
10:12 Loom
10:30 Double-Bit Axe
14:26 Fletching
15:04 Padded Archer Armor
19:31 Castle Age
18:51 Gold Mining
18:44 Fishing Lines
19:02 Town Watch
19:54 Wheelbarrow
20:06 Gillnets
19:38 Crossbowman
20:13 Bodkin Arrow
Connection lost

Rejoining the realm…

Still unreachable

The connection could not be restored.

Session expired

The server has moved on; the page needs a fresh start.